[Event "Marmaris Karya-19 GM-May 2022"]
[Site "Icmeler-Marmaris"]
[Date "2022.05.15"]
[Round "1.1"]
[White "Caglar, Sila"]
[Black "Sevdimaliyev, Urfan"]
[Result "0-1"]
[ECO "B06"]
[WhiteElo "2133"]
[BlackElo "2331"]
[Annotator "TA"]
[PlyCount "86"]
[EventDate "2022.05.15"]
[EventType "schev"]
[EventCountry "TUR"]
[SourceTitle "playchess.com"]
[Source "ChessBase"]
[SourceQuality "1"]
[TimeControl "5400+30"]

1. e4 c5 2. c3 d5 3. exd5 Qxd5 4. Nf3 g6 5. Na3 Bg7 6. d4 cxd4 7. Nb5 {[%emt 0:05:30] B06: Modern Defence.} Na6 {[%emt 0:01:30] Prevents Nc7+.} 8. Nbxd4 Nf6 9. Bb5+ {[%emt 0:10:30] White has an edge.} Nd7 (9... Bd7 $5 10. Qe2 Bxb5 11. Nxb5 (11. Qxb5+ Qxb5 12. Nxb5 Nd5 $11) 11... O-O $11) 10. Qe2 {[%emt 0:02:30] Black should prevent Bg5.} O-O 11. O-O e5 ({Black should play} 11... Ne5 $14) 12. Bc4 $16 Qc5 {[%emt 0:15:30] [#]} 13. b4 $146 ({Predecessor:} 13. Nb3 Qc7 14. Be3 Nb6 15. Bxb6 axb6 16. Rad1 Bg4 17. Bd5 Rad8 18. h3 Bf5 19. Rfe1 {0-1 (34) Coates,K (2242)-Tissir,M (2428) Sunningdale 2008}) 13... Qe7 14. Nb5 ({Better is} 14. Bg5 $16 Qe8 15. Nb5) 14... Nb6 15. Bg5 Qd7 16. Bb3 Nc7 17. Na3 Ne6 18. Rfd1 {[%emt 0:06:30] Prevents Nd5.} ({Much worse is} 18. Nxe5 Qc7 19. Nf3 (19. Bxe6 Bxe6 20. Rfe1 Rae8 $15) 19... Qxc3 $11) 18... Qe8 19. Rac1 Bd7 20. c4 (20. Be3 $5 ) 20... Bc6 21. Be3 Nf4 22. Bxf4 exf4 23. Qxe8 Rfxe8 24. Nd4 {[%emt 0:00:10] Hoping for c5.} Ba4 25. Nab5 {[%emt 0:03:51] Strongly threatening Nc7.} Bxb3 26. Nxb3 {[%emt 0:00:06] Black must now prevent Nc7. Pair of Knights!} Re7 {[%emt 0:02:46] Inhibits Nc7.} 27. Nc5 {[%emt 0:02:34] Inhibits Na4.} (27. c5 $14 Na4 28. Kf1) 27... Be5 28. Nd6 (28. h3 $11) 28... Bxd6 $17 {[%emt 0:00:19] Black converts the advantage convincingly.} 29. Rxd6 {[%emt 0:00:01] [#]} Nxc4 $1 30. Rd4 Ne5 31. Rcd1 f3 32. g3 Nc6 33. Rf4 b6 34. Nb3 Re2 35. Rxf3 Rxa2 36. b5 Ne5 37. Re3 Ng4 38. Re7 (38. Rf3 $17) 38... Nxf2 ({And not} 38... Rxf2 39. Rd4 Rb2 40. Rxg4 Rxb3 41. Rf4) 39. Rdd7 Nh3+ 40. Kh1 {[%emt 0:00:06] [#]} Ng5 {[%emt 0:01:16] aiming for ...Nf3.} 41. Nd2 {[%emt 0:00:15] Prevents Nf3.} (41. Rd2 {keeps fighting.} Ra3 42. Rb2) 41... Rc8 $19 42. h4 Rc1+ 43. Kg2 Rcc2 {[%emt 0:00:11] Weighted Error Value: White=0.24 (precise) /Black=0.11 (very precise)} 0-1

[Event "Marmaris Karya-19 GM-May 2022"]
[Site "Icmeler-Marmaris"]
[Date "2022.05.15"]
[Round "1.2"]
[White "Gunduz, Umut Erdem"]
[Black "Benidze, Davit"]
[Result "1/2-1/2"]
[ECO "B06"]
[WhiteElo "2316"]
[BlackElo "2425"]
[Annotator "TA"]
[PlyCount "96"]
[EventDate "2022.05.15"]
[EventType "schev"]
[EventCountry "TUR"]
[SourceTitle "playchess.com"]
[Source "ChessBase"]
[SourceQuality "1"]
[TimeControl "5400+30"]

1. e4 c6 2. d4 d5 3. Nd2 g6 4. Ngf3 Bg7 5. Bd3 Bg4 6. e5 Nh6 {[%emt 0:06:30][%cal Oc6c5] B06: Modern Defence.} 7. h3 Bf5 8. Bxf5 Nxf5 {[%emt 0:00:30] White is slightly better.} 9. g4 Nh6 {[%emt 0:00:30] [#]} 10. Nb3 $146 ({Predecessor:} 10. Nf1 O-O 11. Ng3 f6 12. e6 Qd6 13. Qe2 Na6 14. O-O Kh8 15. c3 c5 16. dxc5 Nxc5 {1-0 (22) Hock,M-Satkowski,P GER corr 1997}) 10... Na6 (10... Nd7 $14) 11. Bf4 Qd7 12. Qd2 Ng8 13. O-O-O e6 14. Ne1 h6 15. Nd3 Ne7 16. h4 h5 17. gxh5 Rxh5 18. Bg5 O-O-O 19. Qa5 Bh6 20. Bxh6 Rxh6 21. Ndc5 Qc7 {[%emt 0:00:00] [#] Hoping for ...Qxa5.} 22. Nxa6 {[%emt 0:00:30][%csl Ga6][%cal Ra5c7] White is more active.} Qxa5 23. Nxa5 bxa6 24. Rh3 Kc7 {[%emt 0:15:30] [#]} (24... Rh5 $11 {remains equal.}) 25. Rb3 ({Better is} 25. Nb3 $1 $16) 25... Rb8 $11 26. Rxb8 Kxb8 {[%emt 0:00:30][%mdl 4096] Endgame KRN-KRN} 27. Rd3 Rxh4 28. Rb3+ Kc8 29. Rb7 Nf5 30. Rxf7 Rh1+ ({Resist} 30... Nxd4 31. c3 Rh1+ 32. Kd2 $16) 31. Kd2 Rh2 ({Much less strong is} 31... Nxd4 32. c3 Nf5 33. Nxc6 $16) 32. Nxc6 {[%emt 0:05:30] Threatens to win with Ke2.} Rxf2+ 33. Kc3 {[%emt 0:01:30] Ne7+ is the strong threat.} Rf3+ 34. Kb4 $1 Nxd4 $1 35. Rxf3 Nxf3 $14 {[%emt 0:00:01] KN-KN. The position is equal.} 36. Ne7+ Kc7 37. Nxg6 Kc6 38. Nf8 Nxe5 39. Nxe6 Nc4 40. Nd4+ Kb6 41. b3 a5+ 42. Kc3 Ne5 43. Ne6 Nc6 44. Nf4 Kc5 45. Nd3+ Kd6 46. a3 Kc7 47. b4 axb4+ 48. axb4 a5 {[%emt 0:00:46] Weighted Error Value: White=0.09 (flawless) /Black=0.10 (very precise)} 1/2-1/2

[Event "Marmaris Karya-19 GM-May 2022"]
[Site "Icmeler-Marmaris"]
[Date "2022.05.15"]
[Round "1.3"]
[White "Ozsakallioglu, Okan"]
[Black "Toufighi, Homayoon"]
[Result "1/2-1/2"]
[ECO "C10"]
[WhiteElo "2312"]
[BlackElo "2439"]
[Annotator "TA"]
[PlyCount "100"]
[EventDate "2022.05.15"]
[EventType "schev"]
[EventCountry "TUR"]
[SourceTitle "playchess.com"]
[Source "ChessBase"]
[SourceQuality "1"]
[TimeControl "5400+30"]

1. e4 e6 2. d4 d5 3. Nd2 dxe4 4. Nxe4 Bd7 5. Nf3 Bc6 6. Ned2 {[%emt 0:00:00] C10: French with 3 Nc3: Unusual Black 3rd moves and 3...dxe4.} Nd7 {[%emt 0:00:00] 6...Nd7 is better than 6...Nf6.} 7. Be2 Ngf6 8. O-O Be7 9. Nc4 {[%emt 0:00:00] [#]} Be4 $146 ({Predecessor:} 9... Bb5 10. a4 Bxc4 11. Bxc4 a5 12. Qe2 O-O 13. Re1 Re8 14. Bf4 Nd5 15. Bg3 c6 {1-0 (36) Robson,R (2667)-Haria,R (2450) Chess.com INT 2019}) 10. Ncd2 Bg6 11. Nh4 c6 12. Nc4 Nd5 13. Nxg6 hxg6 14. Bf3 N7b6 15. Ne5 Bg5 16. g3 Bxc1 17. Qxc1 Nd7 18. c4 Ne7 19. Qf4 Nxe5 20. dxe5 O-O 21. Rfd1 Qc7 22. b4 Rad8 23. h4 Rxd1+ 24. Rxd1 Rd8 {[%emt 0:00:00] Against Qd4} 25. Rxd8+ Qxd8 $11 {[%emt 0:00:00][%mdl 4096] Endgame KQB-KQN} 26. Qe3 b6 27. g4 Qd7 (27... b5 {looks sharper.} 28. cxb5 cxb5 29. Qxa7 Qd3) 28. Kg2 Kf8 29. a4 Qd8 30. b5 cxb5 31. axb5 Qc7 32. Qd4 {[%emt 0:06:30] Threatens to win with Qd6.} Ke8 33. Be2 Qb7+ 34. Kg3 Qc7 35. Kf3 Qb7+ 36. Qe4 Qc8 37. Bd3 a5 38. Qd4 Qc5 39. Ke3 a4 40. Qxc5 bxc5 $14 {[%emt 0:00:30] KB-KN} 41. Bc2 (41. Kd2 $14) 41... a3 $11 42. Bb1 Nc8 $2 {[%emt 0:00:00] [#]} (42... g5 $11 {and Black is okay.} 43. h5 (43. hxg5 Kd7 $11) 43... Nc8) 43. Kd3 $1 $18 {[%emt 0:00:27] Kc3 is the strong threat.} Nb6 $1 44. Kc3 Ke7 $2 ({Black should play} 44... Na4+ $1 $14 45. Kc2 (45. Kb3 Nb2 $11) 45... Nb2) 45. Kb3 f6 $2 (45... Kd7 46. f4 Kc8) 46. exf6+ Kxf6 {[%emt 0:00:15] [#]} 47. f4 {[%emt 0:00:08] Against g5} (47. g5+ $1 $18 Ke5 48. Bxg6 (48. Kxa3 Kf4 $16)) 47... e5 $16 48. g5+ ({Don't play} 48. Kxa3 $6 exf4 49. g5+ Ke5 $11) 48... Ke6 49. fxe5 ({White should try} 49. Bxg6 $16 {And now f5+ would win.} exf4 50. Bd3) 49... Kxe5 $14 50. Kxa3 {[%emt 0:01:11] Hoping for Kb3.} Kf4 {[%emt 0:03:34] Weighted Error Value: White=0.27 (precise) /Black=0.26 (precise)} 1/2-1/2

[Event "Marmaris Karya-19 GM-May 2022"]
[Site "Icmeler-Marmaris"]
[Date "2022.05.15"]
[Round "1.4"]
[White "Darban, Morteza"]
[Black "Maghalashvili, Davit"]
[Result "1/2-1/2"]
[ECO "B52"]
[WhiteElo "2279"]
[BlackElo "2456"]
[Annotator "TA"]
[PlyCount "60"]
[EventDate "2022.05.15"]
[EventType "schev"]
[EventCountry "TUR"]
[SourceTitle "playchess.com"]
[Source "ChessBase"]
[SourceQuality "1"]
[TimeControl "5400+30"]

1. e4 c5 2. Nf3 d6 3. Bb5+ Bd7 4. Bxd7+ Qxd7 5. O-O Nf6 6. Re1 Nc6 7. c3 e6 8. d4 cxd4 9. cxd4 d5 10. e5 Ne4 11. a3 Be7 12. Qd3 O-O {[%emt 0:01:30] B52: Sicilian: Moscow Variation with 3...Bd7.} 13. Nbd2 Nxd2 14. Bxd2 Rac8 15. h4 f5 16. exf6 Bxf6 17. Re2 Qf7 18. Rae1 Rce8 {[%emt 0:00:00] [#]} 19. g3 $146 ({Predecessor:} 19. b4 a6 20. a4 b5 21. axb5 axb5 22. Bc3 Na7 23. g3 Nc8 24. Qxb5 Nd6 25. Qd3 {1-0 (46) Hilwerda,J (2263)-Klaren,D (1964) Borne 2019}) 19... Qh5 20. Bc3 Qg4 21. Kg2 Re7 {[%emt 0:01:30] [#]} 22. Re3 (22. Rxe6 $3 $16 Rxe6 23. Nh2) 22... Rfe8 {[%emt 0:05:30] [#]} 23. Nh2 (23. b4 $1 $16) 23... Qf5 $11 24. Qd1 Qg6 25. Nf3 Qf5 26. Qe2 Qg4 27. Qd3 Qf5 28. Qe2 (28. Qd1 $11 {is more appropriate.}) 28... Qg4 $16 29. Qd3 Qf5 $1 30. Qe2 Qg4 {[%emt 0:01:00] Weighted Error Value: White=0.16 (very precise) /Black=0.13 (very precise)} 1/2-1/2

[Event "Marmaris Karya-19 GM-May 2022"]
[Site "Icmeler-Marmaris"]
[Date "2022.05.15"]
[Round "1.5"]
[White "Ozdemir, Serhan Berat"]
[Black "Gholami, Aryan"]
[Result "0-1"]
[ECO "B28"]
[WhiteElo "2117"]
[BlackElo "2530"]
[Annotator "TA"]
[PlyCount "130"]
[EventDate "2022.05.15"]
[EventType "schev"]
[EventCountry "TUR"]
[SourceTitle "playchess.com"]
[Source "ChessBase"]
[SourceQuality "1"]
[TimeControl "5400+30"]

1. e4 c5 2. Nf3 a6 3. c3 Nf6 4. e5 Nd5 5. d4 cxd4 6. cxd4 e6 {[%emt 0:02:30] B28: Sicilian: 2 Nf3 a6 (O'Kelly Variation).} 7. a3 b5 8. Bd3 Bb7 {White has an edge.} 9. O-O d6 {[#]} 10. Re1 $146 ({Predecessor:} 10. Qe2 Qc7 11. Bd2 Nc6 12. Nc3 Nxc3 13. Bxc3 dxe5 14. Nxe5 Bd6 15. Rac1 Qe7 16. Rfd1 {1-0 (26) Woodhouse,S (1736)-Dunn,J (1616) ICCF email 2015}) 10... Be7 11. Nbd2 dxe5 12. Nxe5 Nc6 13. Ndf3 O-O (13... Nxe5 $11 14. dxe5 Qd7) 14. Qe2 (14. Nxc6 $16 Bxc6 15. Qc2) 14... Rc8 $11 15. Bd2 $1 Nf6 16. Be3 Qd5 17. Rad1 Rfd8 18. Bb1 Na5 19. Nd3 (19. Bg5 $11) 19... Qh5 $1 $15 20. Nf4 Qg4 ({Black should play} 20... Bxf3 $17 21. gxf3 Qg5+ 22. Ng2 Qd5) 21. d5 Nxd5 22. Bxh7+ Kxh7 (22... Kf8 $1 $17 23. Rd4 Nxf4 24. Rxf4 Bxf3 $1 25. Rxf3 Qc4) 23. Nxd5 $11 Bxd5 24. Ng5+ {[%emt 0:09:06][%mdl 64] Discovered Attack, Decoy} Qxg5 $1 25. Bxg5 Bxg5 $40 {[%emt 0:00:00][%cal Be7g5,Bg5h6,Bh6f4,Bf4d2,Bd2c3,Bc3f6][%mdl 160] Black has some attack.} 26. Qh5+ Bh6 27. Qxf7 Rf8 28. Qe7 Rf6 29. b4 (29. g3 $11 {deserves consideration.}) 29... Nc4 $15 {[%emt 0:00:30][%mdl 1024] Black has compensation.} 30. Rd3 Rcf8 31. f3 Bf4 32. Qa7 (32. Qc5 $1 $15) 32... Ne5 $1 $19 33. Rc3 (33. Rxe5 $17 Bxe5 34. Qxa6) 33... Bd2 {[%emt 0:09:30][%csl LRc3,LRe1] A strong pair of Bishops.} 34. Rxe5 Bxc3 35. Rg5 R6f7 36. Qe3 (36. Qb6 $142) 36... Bf6 37. Rh5+ Kg8 38. Qd3 Rd7 39. h4 Kf7 40. Rh7 e5 41. h5 $2 (41. Qf5 Ke7 42. Qg6) 41... e4 42. fxe4 Be6 43. Qg3 Bd4+ 44. Kh2 Kg8 {[%emt 0:01:30] White must now prevent ...Rf1. Really sharp! Active counter play!} 45. Rh6 Bf7 ({Black should try} 45... Re8 $19 46. Qg5 (46. Qg6 $2 Be5+ 47. Kg1 Bf7 $19) 46... Bf7) 46. Rd6 $15 {[%emt 0:01:34] [#]} Rfd8 {[%emt 0:00:30][%mdl 8192] [#]} (46... Bf2 $1 $15 {stays ahead.} 47. Qf4 (47. Qd3 Bc4) 47... Bxh5 $1 48. Qxf8+ Kxf8 49. Rxd7 Be3 50. Rd8+ Ke7) 47. Rxd7 $2 (47. Rxd4 $1 $18 {[%cal Oh5h6][%mdl 512] aiming for h6!} Rxd4 48. h6) 47... Rxd7 $11 48. h6 (48. Qb8+ $1 $11 Kh7 49. Qc8) 48... Re7 (48... g6 $5 49. Qg4 Re7 50. Qc8+ Kh7 51. Qxa6 Be8 $17) 49. Qg4 $2 {[%emt 0:00:14] [#] Black converts the advantage convincingly.} ({Better is} 49. Qb8+ $15 Be8 50. Qa8 (50. Qd8 Be5+ 51. g3 Bf6 $17) 50... Be5+ 51. g3) 49... Re6 $1 $19 50. g3 Rxh6+ 51. Kg2 Be6 {[%emt 0:00:00] Prevents Qc8+.} 52. Qg5 {[%emt 0:00:26] And now Qd8+ would win.} Rf6 53. g4 Kf7 54. Kg3 Rg6 55. Qf4+ Bf6 56. Qc7+ Be7 57. Qf4+ Kg8 58. Qb8+ Bf8 59. Qe8 Rxg4+ 60. Kf3 Bf7 61. Qc8 Rg6 62. Kf4 Rf6+ 63. Ke5 Re6+ 64. Kd4 (64. Kf4 {is a better defense.}) 64... g5 65. e5 $2 (65. Ke3) 65... g4 {[%emt 0:00:30] Weighted Error Value: White=0.50/Black=0.33} 0-1

[Event "Marmaris Karya-19 GM-May 2022"]
[Site "Icmeler-Marmaris"]
[Date "2022.05.15"]
[Round "2.1"]
[White "Benidze, Davit"]
[Black "Caglar, Sila"]
[Result "1/2-1/2"]
[ECO "C00"]
[WhiteElo "2425"]
[BlackElo "2133"]
[Annotator "TA"]
[PlyCount "109"]
[EventDate "2022.05.15"]
[EventType "schev"]
[EventCountry "TUR"]
[SourceTitle "playchess.com"]
[Source "ChessBase"]
[SourceQuality "1"]
[TimeControl "5400+30"]

1. Nf3 d5 2. g3 Nf6 3. Bg2 e6 4. O-O Be7 5. d3 O-O 6. Nbd2 c5 7. e4 Nc6 8. Re1 dxe4 9. dxe4 e5 10. c3 h6 11. Qe2 Qc7 12. Nc4 {[%emt 0:00:30] C00: French: Unusual White 2nd moves.} Be6 13. Nh4 Rfd8 14. Ne3 Bf8 15. Qf3 {[%emt 0:00:30] [#]} Rd7 $146 ({Predecessor:} 15... Ne7 16. Nhf5 Nxf5 17. exf5 e4 18. Qe2 Bd7 19. Ng4 Bxf5 20. Nxf6+ gxf6 21. Bxe4 Re8 {1-0 (44) Perdomo,L (2389)-Reis,A (1999) Sao Paulo 2009}) 16. Nhf5 Qd8 17. Bf1 g6 18. Nh4 (18. g4 $5) 18... Nh7 19. Bc4 Ng5 (19... Bxc4 $15 20. Nxc4 b6) 20. Qe2 $11 Kh7 21. Bxe6 fxe6 (21... Nxe6 $11 22. Nf3 Bg7) 22. Kg2 $14 Bg7 23. Nf1 Nf7 24. Be3 (24. Qg4 Qf6 $11) 24... b6 25. Rad1 (25. Qg4 Qf6 $11) 25... Ne7 26. Qf3 {[%emt 0:04:00][%cal Of3f7] White is more active.} Rxd1 27. Rxd1 Qe8 {[%emt 0:00:30] Hoping for ...g5.} 28. Qg4 Qc6 (28... g5 $5 29. Nf3 Ng8 $11) 29. Bc1 Rf8 30. Kg1 g5 31. Ng2 Ng8 32. Qe2 Nf6 33. Re1 Nd6 34. Nd2 g4 35. Nh4 h5 36. h3 gxh3 (36... c4 $11) 37. f3 (37. Nhf3 $1 $14) 37... Nf7 ({Better is} 37... Qa4 $15) 38. Kh2 Bh6 39. Kxh3 Bg5 40. Nf1 Bxh4 (40... Bxc1 $14 {deserves consideration.} 41. Rxc1 Qa4) 41. gxh4 $16 Nh8 ({Of course not} 41... Rg8 $6 42. Ng3 $14) 42. Qe3 {[%emt 0:00:30] Strongly threatening Qh6+.} Nf7 {[%emt 0:00:30] Inhibits Qh6+.} 43. Ng3 Rg8 44. Qe2 Qe8 45. f4 (45. Rg1 $16) 45... Ng4 (45... exf4 $11 {keeps the balance.} 46. Nxh5 Ng5+ $1 47. hxg5 Nxh5) 46. f5 Nfh6 47. Rf1 exf5 48. exf5 Nf6 49. Bg5 $1 ({And not} 49. Bxh6 Kxh6 50. Rg1 Nd5 $11) 49... Nhg4 {[%emt 0:00:30] [#]} 50. Ne4 $4 (50. Rd1 $1 $18) 50... Nxe4 $19 51. Qxe4 {[%emt 0:00:01] [#]} Qa8 $2 ({Black should try} 51... Qb5 $1 $19 52. f6+ Kh8) 52. Qxa8 {[%emt 0:00:31] The position is equal.} Rxa8 53. Kg3 Rf8 54. a4 Rf7 55. a5 {[%emt 0:00:44] Weighted Error Value: White=0.32/Black=0.32} 1/2-1/2

[Event "Marmaris Karya-19 GM-May 2022"]
[Site "Icmeler-Marmaris"]
[Date "2022.05.15"]
[Round "2.2"]
[White "Toufighi, Homayoon"]
[Black "Gunduz, Umut Erdem"]
[Result "1/2-1/2"]
[ECO "D37"]
[WhiteElo "2439"]
[BlackElo "2316"]
[Annotator "TA"]
[PlyCount "119"]
[EventDate "2022.05.15"]
[EventType "schev"]
[EventCountry "TUR"]
[SourceTitle "playchess.com"]
[Source "ChessBase"]
[SourceQuality "1"]
[TimeControl "5400+30"]

1. d4 Nf6 2. Nf3 d5 3. c4 e6 4. Nc3 Be7 5. Bf4 O-O 6. c5 c6 7. e3 Nbd7 8. h3 b6 {[%emt 0:00:30] D37: Queen's Gambit Declined: 5 Bf4.} 9. b4 a5 10. a3 Bb7 {[%emt 0:01:30] 10...h6 gains popularity.} 11. Bd3 {[%emt 0:01:30] Inhibits Ne4.} Qc8 12. O-O Ba6 13. Qe2 Bxd3 14. Qxd3 Qb7 15. Rfb1 axb4 16. axb4 Rxa1 17. Rxa1 {[%emt 0:00:00] aiming for Qa6.} Ra8 {[%emt 0:00:30] Against Qa6} 18. Qb1 Ra7 {[%emt 0:01:30] [#]} 19. Ne1 $146 ({Predecessor:} 19. Nd2 Bd8 20. Rxa7 Qxa7 21. Qa2 Qb7 22. Nb3 bxc5 23. bxc5 Qb4 24. Qa8 Qxb3 25. Qxd8+ Nf8 26. Bd6 {½-½ (49) Korotylev,A (2620)-Rychagov,A (2571) Moscow 2007}) 19... Qa8 (19... Rxa1 $11 20. Qxa1 bxc5 21. bxc5 e5) 20. Rxa7 $14 Qxa7 21. Nc2 {[%emt 0:05:30] Prevents Qa3.} (21. Qa2 $14 {deserves consideration.} Qb7 22. Nd3) 21... g6 22. g4 bxc5 (22... Qb7 $11 {is more appropriate.}) 23. bxc5 h5 24. g5 Nh7 25. h4 (25. Nb4 $14 Qb7 26. Nd3 (26. h4 e5 $14) 26... Qxb1+ 27. Nxb1) 25... e5 $1 $11 26. Bg3 Nhf8 27. Na2 exd4 28. exd4 Ne6 29. Nab4 Qb7 30. Qa1 f5 (30... Bf8 $11 {remains equal.}) 31. Qa4 f4 32. Bh2 ({Stronger than} 32. Nxc6 Bxc5 33. dxc5 fxg3 $17) 32... Nb8 {[%emt 0:00:30] [#]} 33. Nd3 $1 Qb1+ 34. Nde1 (34. Nce1 $16) 34... Bf8 35. Kg2 Bg7 36. Nf3 (36. Qa7 $11) 36... Kh7 ({Better is} 36... Qd1 $1 $15) 37. Nce1 {[%emt 0:03:16] Strongly threatening Qa7.} Qb7 {[%emt 0:05:49] Inhibits Qa7.} 38. Nd3 Qf7 39. Qa8 Qf5 $1 40. Nde1 $1 ({Much weaker is} 40. Nde5 {[#]} Nd7 $1 41. Nxd7 Qg4+ 42. Bg3 fxg3 43. fxg3 Qe4 $17) 40... Qf8 (40... Nd7 $11) 41. Qb7 $16 Qd8 42. Nd3 Qf8 43. Nde5 {[%emt 0:00:32] White is more active.} Qe8 44. Kf1 {[%emt 0:03:02] The position is equal.} Nxd4 $1 45. Bxf4 Ne6 46. Bh2 {[%emt 0:03:38] Black must now prevent Nd3.} Nxc5 47. Qa8 Qf8 48. Kg2 Ne4 49. Nd3 Nd7 50. Qxc6 Qf5 51. Qc7 Qg4+ 52. Bg3 Nxg3 53. fxg3 Qc4 54. Qxd7 Qxd3 $11 {[%emt 0:00:02][%mdl 4096] Endgame KQB-KQN} 55. g4 Qe2+ 56. Kg3 {[%emt 0:00:11] gxh5 is the strong threat.} hxg4 57. Qxg4 d4 58. h5 {[%emt 0:00:43] Threatens to win with hxg6+.} gxh5 59. Qxh5+ Kg8 60. Qg4 {[%emt 0:00:39] Weighted Error Value: White=0.10 (very precise) /Black=0.13 (very precise)} 1/2-1/2

[Event "Marmaris Karya-19 GM-May 2022"]
[Site "Icmeler-Marmaris"]
[Date "2022.05.15"]
[Round "2.3"]
[White "Maghalashvili, Davit"]
[Black "Ozsakallioglu, Okan"]
[Result "1/2-1/2"]
[ECO "D02"]
[WhiteElo "2456"]
[BlackElo "2312"]
[Annotator "TA"]
[PlyCount "68"]
[EventDate "2022.05.15"]
[EventType "schev"]
[EventCountry "TUR"]
[SourceTitle "playchess.com"]
[Source "ChessBase"]
[SourceQuality "1"]
[TimeControl "5400+30"]

1. Nf3 d5 2. g3 Nf6 3. Bg2 c6 4. O-O Bg4 5. d4 Nbd7 6. h3 {[%emt 0:00:30] D02: 1 d4 d5 2 Nf3 sidelines, including 2...Nf6 3 g3 and 2...Nf6 3 Bf4.} Bh5 7. c4 e6 8. cxd5 exd5 9. Qb3 {[%emt 0:00:00] 9.Ne5 is the fancy move.} Qb6 10. Qe3+ Be7 $1 11. Nh4 {[%emt 0:00:30] [#] And now Nf5 would win.} Bg6 {[%emt 0:00:30] Inhibits Nf5.} 12. Nc3 Qd8 13. Nxg6 hxg6 14. b4 a6 {[%emt 0:06:30] Inhibits b5.} 15. Rb1 O-O 16. a4 Nb6 17. Qd3 a5 18. b5 {[%emt 0:03:30] [#]} Re8 $146 ({Predecessor:} 18... Bb4 19. Na2 Bd6 20. Bg5 Qc7 21. Rfc1 Rad8 22. bxc6 bxc6 23. Qc3 Nc4 24. e4 Be7 25. Bxf6 Bxf6 {0-1 (57) Praggnanandhaa,R (2530)-Karjakin,S (2753) Kolkata 2018}) 19. bxc6 bxc6 20. Bf4 Bb4 21. Na2 Qe7 22. Bf3 Ne4 ({Don't do} 22... Nxa4 23. Rfc1 $16) 23. Qc2 ({White should try} 23. h4 $11) 23... g5 $15 24. Bc1 Nc4 (24... c5 $17) 25. Nxb4 $11 {[%emt 0:03:30] The position is equal.} axb4 26. Bxe4 Qxe4 27. Qxe4 Rxe4 28. Rxb4 Rxe2 29. Bxg5 Ra2 {[%emt 0:01:30] Against Ra1} 30. Re1 R2xa4 31. Rxa4 Rxa4 32. Re8+ Kh7 33. Re7 Kg6 34. Bf4 Na3 {[%emt 0:04:30] Weighted Error Value: White=0.08 (flawless) /Black=0.08 (flawless)} 1/2-1/2

[Event "Marmaris Karya-19 GM-May 2022"]
[Site "Icmeler-Marmaris"]
[Date "2022.05.15"]
[Round "2.4"]
[White "Gholami, Aryan"]
[Black "Darban, Morteza"]
[Result "1-0"]
[ECO "A48"]
[WhiteElo "2530"]
[BlackElo "2279"]
[Annotator "TA"]
[PlyCount "77"]
[EventDate "2022.05.15"]
[EventType "schev"]
[EventCountry "TUR"]
[SourceTitle "playchess.com"]
[Source "ChessBase"]
[SourceQuality "1"]
[TimeControl "5400+30"]

1. Nf3 g6 2. d4 Nf6 3. Bg5 Bg7 4. Nbd2 O-O 5. e4 d6 6. c3 Qe8 7. Bc4 e5 8. O-O h6 9. Bh4 Nbd7 10. Re1 {[%emt 0:00:30] A48: 1 d4 Nf6 2 Nf3 g6: Torre, London and Colle Systems.} Nb6 11. Bb3 Bd7 {[%emt 0:04:30] [#]} 12. c4 $146 {[%emt 0:04:30] White is slightly better.} ({Predecessor:} 12. Nc4 Nxc4 13. Bxc4 Bc6 14. Bd3 Nh5 15. Qb3 b6 16. a4 Kh8 17. dxe5 dxe5 18. Bb5 {½-½ (67) Gormally,D (2415)-Sasikiran,K (2470) Torquay 1998}) 12... exd4 13. e5 $1 dxe5 14. Nxe5 {[%emt 0:00:30] c5 is the strong threat.} (14. Rxe5 $6 Be6 $11) 14... Qd8 $2 (14... g5 $14) 15. c5 $1 $18 g5 16. Bg3 (16. cxb6 $18 {and White stays clearly on top.} gxh4 17. bxc7 Qxc7 18. Nxf7) 16... Nbd5 $16 17. Ndf3 c6 18. Nxd4 Re8 19. Rc1 Ng4 20. Ndf3 Nxe5 21. Nxe5 Be6 22. Nc4 Qd7 (22... Nf4 $14) 23. Nd6 Bg4 (23... Bxb2 $16 24. Bxd5 cxd5) 24. Qd3 Rxe1+ 25. Rxe1 Be6 26. Bc2 {[%emt 0:00:30] 0x0.000a5ab02c5fdp-1022s more active pieces.} Kf8 27. Be5 (27. Qh7 Nf6 28. Qd3 Nd5 $16) 27... Bxe5 28. Rxe5 {[%emt 0:00:30] aiming for Qh7.} Qe7 {[%emt 0:01:45] [#]} (28... Qd8 $142 29. Qd4 (29. Nxb7 Qf6 $14) 29... Nc7) 29. Qd4 $1 $18 {[%emt 0:00:30] And now Nf5 would win.} ({Worse is} 29. Qh7 Qf6 30. Qe4 b6 $11) 29... Kg8 {[%emt 0:07:00] [#]} 30. h4 $1 b6 31. Nf5 {[%emt 0:01:30] White threatens Rxe6 and mate.} Qf8 32. hxg5 $40 {[%emt 0:00:30][%mdl 128] Black is in trouble.} hxg5 33. Qd2 Bxf5 $2 (33... Nf4 34. g3 Bxf5) 34. Rxf5 (34. Bxf5 Qg7 35. Qe2 Nf4 $16) 34... f6 35. Rxd5 ({Less strong is} 35. Bb3 Re8 36. Qc3 (36. Bxd5+ cxd5 37. cxb6 axb6 $16) 36... Qh6 37. Rxf6 Kg7 38. Rxh6+ Nxc3 39. Rxc6 Ne2+ 40. Kf1 Nd4 $18) 35... cxd5 36. Qxd5+ Kh8 37. c6 $2 (37. g3 $18 {Qh1+ would kill now.} Qg8 38. Qh1+ Kg7 39. Qb7+ Kh6 40. c6) 37... Re8 $1 $11 {[%emt 0:00:36] ( -> ...Re1+)} 38. g3 {[%emt 0:01:30] White wants to mate with Qh1+.} Re5 $2 (38... Re1+ $11 39. Kg2 Re7) 39. Qh1+ {[%emt 0:00:30] Weighted Error Value: White=0.25 (precise) /Black=0.65} 1-0